 Zot Defence DCSS version 0.15.2 (webtiles) character file.

13909 mastercheaf21 the Fighter (level 11, 0/9 (117) HPs)
             Began as a Troll Fighter on Nov 8, 2017.
             Was the Champion of Jiyva.
             Slain by a brown ugly thing (9 damage)
             ... in the Realm of Zot (Scenario I: Hall of Zot) on Nov 9, 2017.
             The game lasted 01:32:09 (2322 turns).

mastercheaf21 the Fighter (Troll Fighter)           Turns: 2322, Time: 01:32:09

HP   0/9 (117)   AC 10     Str 24 (25) XL: 11   Next: 81%
MP   4/4         EV 10     Int  5      God: Jiyva [******]
Gold 0           SH  0     Dex 12      Spells:  0 memorised, 10 levels left

rFire  . . .     SeeInvis .     a - +0 war axe
rCold  . . .     Clarity  .     b - +0 robe
rNeg   . . .     rCorr    +     (shield restricted)
rPois  .         rRot     .     (helmet restricted)
rElec  .         Spirit   .     (no cloak)
SustAb .         Warding  .     (gloves unavailable)
rMut   .         Stasis   .     (boots unavailable)
Gourm  +                        (no amulet)
MR     .....                    (no ring)
                                (no ring)

@: not resistant to hostile enchantments, very unstealthy
A: unfitting armour, claws 3, iridescent scales 1, fast metabolism 3, gourmand,
regeneration 2, saprovore 2, shaggy fur 1, tough skin 2, gelatinous body 1,
jelly sensing items
a: Make oklob sapling, Make arrow trap, Make plant, Remove Curse, Make burning
bush, Make altar, Make grenades, Make oklob plant, Make net trap, Make ice
statue, Make spear trap, Make alarm trap, Request Jelly, Jelly Paralyse,
Slimify, Cure Bad Mutation, Renounce Religion


You were in the Realm of Zot.
You worshipped Jiyva.
Jiyva was exalted by your worship.
You were not hungry.

You visited 1 branch

Inventory:

Hand weapons
 a - a +0 war axe (weapon)
 g - a +0 giant club
 l - a +2 whip of venom
 m - a +2 great mace of protection
 o - a +2 flail of protection
Armour
 b - a +0 robe (worn)
 c - a +0 shield
 p - a +1 leather armour of magic resistance
Magical devices
 n - a wand of digging (12) {unknown}
Comestibles
 f - 2 meat rations
Scrolls
 k - 2 scrolls of blinking
Potions
 d - 3 potions of curing
 e - a potion of might
 h - a potion of haste
 i - 2 potions of magic
 j - a potion of berserk rage


   Skills:
 - Level 10.1 Fighting
 - Level 7.0(8.7) Axes
 + Level 8.6(9.9) Maces & Flails
 - Level 2.4 Dodging
 - Level 8.2 Shields


You had 10 spell levels left.
You didn't know any spells.

Dungeon Overview and Level Annotations

Branches:
    Zot (1/1)

Altars:
Jiyva


Innate Abilities, Weirdness & Mutations

You are too large for most types of armour.
You have claws for hands.
Your metabolism is lightning-fast.
You like to eat raw meat.
You heal very quickly.
You can eat rotten meat.
You are covered in fur (AC +1).
You have very tough skin (AC +2).
You are partially covered in iridescent scales (AC +4).
Your rubbery body absorbs attacks (AC +1).
You have a small jelly attached to you that senses nearby items.


Message History

Unknown command.
The red ugly thing basks in the mutagenic energy from its kin and changes!
Your flesh rots away as the Orb of Zot is desecrated. x2
The shock serpent bites your plant! The shock serpent shocks your plant!
The brown ugly thing trunk-slaps you but does no damage.
Your flesh rots away as the Orb of Zot is desecrated.
Unknown command.
Your flesh rots away as the Orb of Zot is desecrated. x2
The shock serpent bites your plant!
Your plant is destroyed!
Your flesh rots away as the Orb of Zot is desecrated.
An octopode comes into view.
Unknown command.
The shock serpent changes into a death drake!
Your flesh rots away as the Orb of Zot is desecrated. x2
Something bites the jelly!
The jelly dies!
The brown ugly thing trunk-slaps you!
Ouch! That really hurt!
You die...

▓∆∆▓ ▓)[▓ #▓∆∆▓ ▓=:▓# ▓▓▓▓▓▓▓
▓▓▓▓▓▓▓▓▓ ..J▓▓▓▓ ▓▓▓▓.....
......▓▓▓ ▓▓▓........ ........▓▓
▓▓.......... ........J▓ ▓▓▓▓▓▓▓▓▓
▓...........
.........▓▓▓.......▓▓▓...........
........J▓▓.....@...▓▓...........
.........▓...kWuPu...▓...........
........(....uPuuuuu(J...........
.........▓....PuPu...▓(..........
.........▓▓....uu..P▓▓.x.........
.........▓▓▓.......▓▓▓...........
.........# ▓▓▓▓▓▓▓▓▓ #...........
........## ##.......... ......###
###........


You could see a purple very ugly thing (bleeding), a death drake shaped shifter,
11 ugly things, an octopode, a phantom, a neutral slime creature (fellow slime)
and a friendly oklob plant.

Vanquished Creatures
  Rupert (Zot)
  2 centaur warriors (Zot)
  A hungry ghost (Zot)
  A gnoll sergeant (Zot)
  2 vampires (Zot)
  A vampire mosquito (Zot)
  Edmund (Zot)
  2 phantoms (Zot)
  A warg (Zot)
  A sky beast (Zot)
  A crocodile (Zot)
  2 ogres (Zot)
  3 centaurs (Zot)
  5 giant frogs (Zot)
  3 orange rats (Zot)
  A crimson imp (Zot)
  2 worker ants (Zot)
  2 hounds (Zot)
  A gnoll shaman (Zot)
  A mummy (Zot)
  3 sheep (Zot)
  Terence (Zot)
  6 adders (Zot)
  5 green rats (Zot)
  An iguana skeleton (Zot)
  7 oozes (Zot)
  4 orcs (Zot)
  3 ball pythons (Zot)
  A goblin (Zot)
  3 hobgoblins (Zot)
  A jackal (Zot)
  3 quokkas (Zot)
  4 bats (Zot)
  2 giant newts (Zot)
  7 kobolds (Zot)
  4 rats (Zot)
  4 plants (Zot)
93 creatures vanquished.

Vanquished Creatures (collateral kills)
  An orc knight (Zot)
  A wind drake (Zot)
  An ice beast (Zot)
  A phantom (Zot)
  2 centaurs (Zot)
  2 giant frogs (Zot)
  4 iguanas (Zot)
  A hound (Zot)
  An orc wizard (Zot)
  An orc priest (Zot)
  3 orange rats (Zot)
  A sheep (Zot)
  A gnoll (Zot)
  4 adders (Zot)
  5 green rats (Zot)
  A giant gecko (Zot)
  3 orcs (Zot)
  6 bats (Zot)
  6 goblins (Zot)
  8 hobgoblins (Zot)
  3 jackals (Zot)
  3 quokkas (Zot)
  4 ball pythons (Zot)
  A giant newt (Zot)
  2 giant spores (Zot)
  7 kobolds (Zot)
  7 rats (Zot)
  A plant (Zot)
81 creatures vanquished.

Vanquished Creatures (others)
  A griffon (Zot)
  An ice statue (Zot)
  An oklob plant (Zot)
  2 burning bushes (Zot)
  2 wind drakes (Zot)
  3 merfolk (Zot)
  12 slime creatures (Zot)
  2 hungry ghosts (Zot)
  A vampire (Zot)
  2 hippogriffs (Zot)
  A warg (Zot)
  An orc warrior (Zot)
  A boggart (Zot)
  A sky beast (Zot)
  2 ice beasts (Zot)
  2 orange rats (Zot)
  An ogre (Zot)
  A manticore skeleton (Zot)
  5 centaurs (Zot)
  2 giant frogs (Zot)
  A scorpion (Zot)
  A manticore simulacrum (Zot)
  2 oklob saplings (Zot)
  49 jellies (Zot)
  A goliath beetle (Zot)
  A hound (Zot)
  A giant frog skeleton (Zot)
  A worker ant (Zot)
  2 iguanas (Zot)
  A hippogriff simulacrum (Zot)
  5 adders (Zot)
  4 green rats (Zot)
  2 shadow imps (Zot)
  A worm (Zot)
  An orc simulacrum (Zot)
  7 orcs (Zot)
  3 bats (Zot)
  A giant cockroach (Zot)
  2 goblins (Zot)
  A jackal (Zot)
  4 quokkas (Zot)
  A giant gecko (Zot)
  A giant newt (Zot)
  5 kobolds (Zot)
  5 rats (Zot)
  25 plants (Zot)
172 creatures vanquished.

Grand Total: 346 creatures vanquished

Notes
Turn   | Place    | Note
--------------------------------------------------------------
     0 | Zot      | mastercheaf21, the Troll Fighter, began the quest for the Orb.
     0 | Zot      | Reached XP level 1. HP: 22/22 MP: 1/1
   213 | Zot      | Reached XP level 2. HP: 29/29 MP: 1/1
   236 | Zot      | Noticed Orasuarph
   304 | Zot      | Killed Orasuarph the phantom
   304 | Zot      | Reached skill level 4 in Axes
   304 | Zot      | Reached skill level 1 in Maces & Flails
   304 | Zot      | Reached XP level 3. HP: 18/36 MP: 2/2
   304 | Zot      | Reached XP level 4. HP: 22/44 MP: 2/2
   304 | Zot      | Reached XP level 5. HP: 25/50 MP: 2/2
   340 | Zot      | Reached XP level 6. HP: 31/59 MP: 3/3
   408 | Zot      | Reached skill level 5 in Axes
   539 | Zot      | Noticed Xoroinet
   563 | Zot      | Killed Xoroinet the hungry ghost
   563 | Zot      | Reached skill level 6 in Axes
   563 | Zot      | Reached XP level 7. HP: 62/65 MP: 3/3
   597 | Zot      | Reached skill level 7 in Axes
   705 | Zot      | Became a worshipper of Jiyva Jugomeb the Shapeless
   721 | Zot      | Acquired Jiyva's first power
   735 | Zot      | Acquired Jiyva's second power
   796 | Zot      | Reached XP level 8. HP: 62/62 MP: 3/3
   846 | Zot      | Reached skill level 5 in Shields
  1040 | Zot      | Noticed Edmund
  1048 | Zot      | Killed Edmund
  1122 | Zot      | Reached XP level 9. HP: 31/68 MP: 4/4
  1124 | Zot      | Gained mutation: Armour fits poorly on your pseudopods. [Jiyva's grace]
  1224 | Zot      | Reached skill level 8 in Shields
  1334 | Zot      | Acquired Jiyva's third power
  1468 | Zot      | Reached skill level 5 in Fighting
  1539 | Zot      | Noticed Terence
  1546 | Zot      | Gained mutation: You are partially covered in iridescent scales (AC +4). [Jiyva's grace]
  1550 | Zot      | Killed Terence
  1608 | Zot      | Reached XP level 10. HP: 80/80 MP: 4/4
  1740 | Zot      | Noticed a green draconian caller
  1745 | Zot      | Noticed a tentacled monstrosity
  1748 | Zot      | Noticed a storm dragon
  1753 | Zot      | Noticed an ice dragon
  1755 | Zot      | Noticed a lindwurm
  1836 | Zot      | Noticed Rupert
  1879 | Zot      | Killed Rupert
  1879 | Zot      | Reached skill level 10 in Fighting
  1929 | Zot      | Reached XP level 11. HP: 79/79 MP: 4/4
  2003 | Zot      | Acquired Jiyva's fourth power
  2023 | Zot      | Lost mutation: Armour fits poorly on your pseudopods. [Jiyva's grace]
  2055 | Zot      | Gained mutation: You have a small jelly attached to you that senses nearby items. [Jiyva's grace]
  2121 | Zot      | Reached skill level 5 in Maces & Flails
  2152 | Zot      | Gained mutation: Your rubbery body absorbs attacks (AC +1). [Jiyva's grace]
  2179 | Zot      | Noticed a centaur warrior
  2213 | Zot      | Noticed a centaur warrior
  2267 | Zot      | Killed a centaur warrior
  2278 | Zot      | Killed a centaur warrior
  2305 | Zot      | Noticed a purple very ugly thing
  2317 | Zot      | Noticed a shock serpent
  2322 | Zot      | Noticed a death drake
  2322 | Zot      | a shock serpent changed into a death drake
  2322 | Zot      | Slain by a brown ugly thing

Action                   |  1- 3 |  4- 6 |  7- 9 | 10-12 || total
-------------------------+-------+-------+-------+-------++-------
Melee: War axe           |    31 |    54 |   151 |    59 ||   295
       Whip              |    10 |     7 |       |       ||    17
       Flail             |       |       |       |    44 ||    44
       Great mace        |       |       |       |    15 ||    15
Invok: Request Jelly     |       |       |     1 |       ||     1
 Abil: Make oklob saplin |     1 |       |       |     1 ||     2
       Make plant        |       |     1 |    14 |    19 ||    34
       Make burning bush |       |     1 |       |     1 ||     2
       Make arrow trap   |       |     1 |       |       ||     1
       Make altar        |       |       |     1 |       ||     1
       Make grenades     |       |       |     1 |       ||     1
       Remove Curse      |       |       |     1 |     1 ||     2
       Make net trap     |       |       |     4 |       ||     4
       Make oklob plant  |       |       |     1 |     1 ||     2
       Make ice statue   |       |       |       |     1 ||     1
  Use: Potion            |     1 |       |       |       ||     1
 Stab: Distracted        |       |       |     6 |     3 ||     9
  Eat: Chunk             |       |       |     3 |       ||     3
